 Dungeon Crawl Stone Soup version 0.21.0-3-g78d12a8 (webtiles) character file.

135 Monsterracer the Insei (level 5, -2/37 HPs)
             Began as a Merfolk Air Elementalist on Jan 9, 2018.
             Slain by an orc wizard
             ... wielding a +0 dagger
              (3 damage)
             ... on level 2 of the Dungeon.
             The game lasted 00:05:16 (3770 turns).

Monsterracer the Insei (Merfolk Air Elementalist)   Turns: 3770, Time: 00:05:16

Health: -2/37      AC:  2    Str:  9    XL:     5   Next: 18%
Magic:  5/8        EV: 13    Int: 14    God:
Gold:   84         SH:  0    Dex: 15    Spells: 5/8 levels left

rFire    . . .     SeeInvis .     - Unarmed
rCold    . . .     Gourm    .   (no shield)
rNeg     . . .     Faith    .   a - +0 robe
rPois    .         Spirit   .   (no helmet)
rElec    .         Reflect  .   (no cloak)
rCorr    .         Harm     .   (no gloves)
MR       .....                  (no boots)
Stlth    ++........             (no amulet)
HPRegen  0.12/turn              (no ring)
MPRegen  0.11/turn              (no ring)

@: very slightly contaminated
A: change form in water, swift swim, stealthy swim
a: no special abilities


You were on level 2 of the Dungeon.
You were not hungry.

You visited 1 branch of the dungeon, and saw 3 of its levels.

You collected 84 gold pieces.

Inventory:

Armour
 a - a +0 robe (worn)
Scrolls
 b - 3 scrolls of remove curse {unknown}
 f - a scroll of amnesia {unknown}
 h - a scroll of enchant armour {unknown}
 i - a scroll of identify {unknown}
 l - a scroll of blinking {unknown}
Potions
 d - a potion of might {unknown}
 e - a potion of heal wounds
 g - a potion of agility {unknown}
 j - 2 potions of haste {unknown}
 k - a potion of magic {unknown}
 m - a potion of berserk rage {unknown}
Comestibles
 c - a ration


   Skills:
 + Level 1.4 Fighting
 - Level 2.6 Dodging
 - Level 2.1 Stealth
 * Level 4.8 Unarmed Combat
 - Level 2.0 Spellcasting
 - Level 0.7 Conjurations
 - Level 2.4 Air Magic


You had 5 spell levels left.
You knew the following spells:

 Your Spells              Type           Power        Failure   Level  Hunger
a - Shock                 Conj/Air       #...         13%         1    ##.....
b - Swiftness             Chrm/Air       #.......     22%         2    ###....


Dungeon Overview and Level Annotations

Branches:
Dungeon (3/15)

Altars:

Annotations:
D:2 exclusion: downstairs


Message History

The orc shouts!
You hear a shout!
The ball python bites you. The ball python misses you.
Found a ration.
An orc wizard comes into view. It is wielding a dagger.
You take 1 damage, and have 36/37 hp.
You hit the ball python.
The ball python is moderately wounded.
The ball python barely misses you. The ball python grabs you.
The ball python constricts you.
You take 1 damage, and have 35/37 hp.
You hit the ball python but do no damage.
The ball python is moderately wounded.
The ball python bites you but does no damage.
The ball python constricts you. The ball python closely misses you.
The ball python constricts you.
An orc wizard comes into view. It is wielding a dagger.
You escape the ball python's grasp.
There is a stone staircase leading up here.
You hit the orc.
The orc is severely wounded.
The ball python bites you but does no damage.
The ball python grabs you.
You stop ascending the stairs.
The ball python constricts you. The orc barely misses you.
The ball python bites you. The ball python constricts you.
You take 2 damage, and have 33/37 hp.
You hit the ball python.
You kill the ball python!
The orc hits you but does no damage.
You hit the orc.
You kill the orc!
You hit the orc wizard.
The orc wizard is heavily wounded.
The orc wizard hits you with a dagger.
You take 1 damage, and have 33/37 hp.
You hit the orc wizard.
The orc wizard is heavily wounded.
The orc wizard hits you with a dagger.
You take 5 damage, and have 28/37 hp.
The orc wizard miscasts a cantrip.
The orc wizard points at you and mumbles some strange words.
The puff of flame hits you!
You climb upwards.
Level annotation: exclusion: downstairs
There is a stone staircase leading down here.
You take 7 damage, and have 21/37 hp.
You miss the orc wizard.
The orc wizard is heavily wounded.
The orc wizard hits you with a dagger.
* * * LOW HITPOINT WARNING * * *
The orc wizard hits you but does no damage.
You take 5 damage, and have 16/37 hp.
The orc wizard gestures wildly while chanting.
The orc wizard flickers and vanishes!
Deactivating autopickup; reactivate with Ctrl-A.
You barely miss the orc wizard.
The orc wizard is heavily wounded.
The orc wizard hits you with a dagger.
* * * LOW HITPOINT WARNING * * *
You take 3 damage, and have 13/37 hp.
You hit the orc wizard but do no damage.
The orc wizard is heavily wounded.
The orc wizard closely misses you.
You hit the orc wizard but do no damage.
The orc wizard is heavily wounded.
The orc wizard closely misses you.
You hit the orc wizard but do no damage.
The orc wizard is heavily wounded.
The orc wizard points at you and mumbles some strange words.
The puff of flame hits you!
* * * LOW HITPOINT WARNING * * *
You take 6 damage, and have 7/37 hp.
Casting: Shock
Confirm with . or Enter, or press ? or * to list all spells.
Aiming: Shock
Press: ? - help, Shift-Dir - straight line, f - orc wizard
Aim: an orc wizard, wielding a dagger and wearing a robe (heavily wounded)
You miscast Shock.
You are very lightly contaminated with residual magic.
Nothing appears to happen.
The orc wizard casts a cantrip, but nothing happens.
You now have 7/8 mp.
Casting: Shock
Confirm with . or Enter, or press ? or * to list all spells.
Aiming: Shock
Press: ? - help, Shift-Dir - straight line, f/p - orc wizard
Aim: an orc wizard, wielding a dagger and wearing a robe (heavily wounded)
The zap hits the orc wizard.
The orc wizard is severely wounded.
The orc wizard points at you and mumbles some strange words.
The puff of flame hits you!
* * * LOW HITPOINT WARNING * * *
You take 6 damage, and have 1/37 hp.
You now have 6/8 mp.
Casting: Shock
Confirm with . or Enter, or press ? or * to list all spells.
Aiming: Shock
Press: ? - help, Shift-Dir - straight line, f/p - orc wizard
Aim: an orc wizard, wielding a dagger and wearing a robe (severely wounded)
The zap misses the orc wizard.
The zap hits something.
The orc wizard hits you with a dagger.
You die...

.#### #.# #.)# #.# .'..# #.#
#..# #.# .##.# #.# #..# #.#
.##.# #.# #..# #.# ###.####.#
#..# #.# #.#.##.# #..# #.#
###.#.##.# ##..####.####
....#.##.#########...........##
................@o{)..........#
.......<....######..########.##
.##########.### #..# #.#
..........#...# #..########.#
.########.###.# #..#........#
.##.......# #.# #..#.########
.##.......# #<# #..#.# ###
.##.......###.# #..#.# #.#
............#.# #..#.# #.#


You could see an orc wizard.

Vanquished Creatures
  4 gnolls (D:2)
  2 adders (D:2)
  An ooze (D:1)
  2 worms (D:2)
  4 dart slugs
  4 leopard geckos
  An orc (D:3)
  3 giant cockroaches (D:1)
  5 goblins
  4 hobgoblins
  4 jackals
  6 kobolds
  3 ball pythons
  7 bats
  2 frilled lizards
  7 rats
59 creatures vanquished.

Notes
Turn   | Place    | Note
-------+----------+-------------------------------------------
     0 | D:1      | Monsterracer the Merfolk Air Elementalist began the quest for the Orb.
     0 | D:1      | Reached XP level 1. HP: 13/13 MP: 3/3
   102 | D:1      | Reached skill level 1 in Unarmed Combat
   251 | D:1      | HP: 6/13 [kobold/whip (2)]
   252 | D:1      | Reached XP level 2. HP: 8/19 MP: 3/5
   360 | D:1      | Learned a level 2 spell: Swiftness
   415 | D:1      | Reached skill level 2 in Unarmed Combat
   748 | D:1      | Reached XP level 3. HP: 13/24 MP: 0/6
   749 | D:1      | HP: 10/24 [jackal (3)]
   752 | D:1      | HP: 3/24 [jackal (3)]
   763 | D:2      | HP: 1/24 [jackal (3)]
  1075 | D:2      | Reached skill level 3 in Unarmed Combat
  1117 | D:3      | Noticed a necrophage
  2192 | D:2      | Reached skill level 4 in Unarmed Combat
  2192 | D:2      | Reached XP level 4. HP: 16/30 MP: 7/7
  2663 | D:2      | HP: 15/31 [poisoned by an adder]
  2669 | D:2      | HP: 15/31 [poisoned by an adder]
  2674 | D:2      | HP: 11/31 [poisoned by an adder]
  2679 | D:2      | HP: 9/31 [poisoned by an adder]
  2686 | D:2      | HP: 6/31 [poisoned by an adder]
  2693 | D:2      | HP: 5/31 [poisoned by an adder]
  2701 | D:2      | HP: 4/31 [poisoned by an adder]
  3098 | D:2      | Reached skill level 1 in Fighting
  3223 | D:2      | Reached XP level 5. HP: 22/37 MP: 3/8
  3761 | D:2      | HP: 16/37 [orc wizard/dagger (5)]
  3767 | D:2      | HP: 7/37 [orc wizard/puff of flame (6)]
  3769 | D:2      | HP: 1/37 [orc wizard/puff of flame (6)]
  3770 | D:2      | Slain by an orc wizard

Skill      XL: |  1  2  3  4 |
---------------+-------------+-----
Unarmed Combat | 1 2 4 |  4.8
Fighting       | 1 |  1.4
Dodging        | |  2.6
Stealth        | |  2.1
Spellcasting   | |  2.0
Conjurations   | |  0.7
Air Magic      | |  2.4

Action                   |  1- 3 |  4- 6 || total
-------------------------+-------+-------++-------
Melee: Unarmed           |   176 |    77 ||   253
       Punch             |     1 |       ||     1
 Cast: Shock             |    27 |    18 ||    45
  Use: Potion            |       |     1 ||     1
 Stab: Sleeping          |     7 |     1 ||     8
  Eat: Chunk             |     4 |     3 ||     7
       Ration            |       |     1 ||     1
Armor: Robe              |    41 |    10 ||    51
Dodge: Dodged            |   133 |    41 ||   174

Vault maps used:
D:1:      doesnt_arrival_eight_statues
D:3:      grunt_dithmenos_smoke, first_ration, solitary_fountain, uniq_natasha,
          uniq_robin
